 Dungeon Crawl Stone Soup version 0.31.0-12-g77e489cdc1 (webtiles) character file.

Game seed: 8597032827440279124

1176 Aneyh the Fighter (level 8, -11/51 HPs)
             Began as a Tengu Monk on Feb 18, 2024.
             Was a Believer of Hepliaklqana.
             Mangled by a hornet (13 damage)
             ... on level 6 of the Dungeon.
             The game lasted 00:07:37 (4116 turns).

Aneyh the Fighter (Tengu Monk)                      Turns: 4116, Time: 00:07:38

Health: -11/51     AC:  8    Str: 10 (12) XL:     8   Next: 41%
Magic:  9/9        EV: 15    Int:  7 (10) God:    Hepliaklqana [**....]
Gold:   301        SH:  0    Dex: 17 (19) Spells: 7/7 levels left

rFire   . . .        a - +2 whip (elec)
rCold   + . .        (no shield)
rNeg    . . .        g - +0 ring mail
rPois   .            (helmet restricted)
rElec   .            (no cloak)
rCorr   .            s - +2 pair of gloves
SInv    .            (boots unavailable)
Will    .....        (no amulet)
Stlth   +            y - ring of protection from cold
HPRegen 0.28/turn    (no ring)
MPRegen 0.11/turn

%: acrobat
@: mighty, brilliant, attractive, flying, slowed, very slow
A: reduced essence, beak, talons 3, evasive flight, acrobatic
a: Renounce Religion, Recall Ancestor, Ancestor Identity


You were on level 6 of the Dungeon.
You worshipped Hepliaklqana.
Hepliaklqana was pleased with you.
You visited 2 branches of the dungeon, and saw 7 of its levels.

You collected 301 gold pieces.

Inventory:

Hand Weapons
 a - a +2 whip of electrocution (weapon)
 b - a +2 mace of protection
 c - a +0 falchion
 o - a +0 eveningstar
 u - a +0 long sword
Missiles
 x - 8 poisoned darts (quivered)
Armour
 d - an orb of light
 g - a +0 ring mail (worn)
 m - a +0 robe
 s - a +2 pair of gloves (worn)
Jewellery
 r - a ring of fire
 y - a ring of protection from cold (left hand)
Scrolls
 e - 4 scrolls of teleportation {unknown}
 f - a scroll of amnesia {unknown}
 i - 2 scrolls of identify
 l - a scroll of torment {unknown}
 p - a scroll of brand weapon {unknown}
 v - a scroll of enchant weapon {unknown}
 w - a scroll of immolation
 B - a scroll of fog {unknown}
Potions
 h - a potion of attraction
 j - a potion of brilliance
 A - a potion of lignification {unknown}
 C - a potion of haste {unknown}


   Skills:
 + Level 9.7 Fighting
 - Level 5.0 Long Blades
 - Level 3.2 Dodging


You had 7 spell levels left.
You didn't know any spells.
Your spell library was empty.

Dungeon Overview and Level Annotations

Branches:
Dungeon (6/15)             Temple (1/1) D:5

Altars:
Cheibriados
Dithmenos
Elyvilon
Fedhas
Hepliaklqana
Kikubaaqudgha
Makhleb
Okawaru
Qazlal
Ru
Sif Muna
Trog
Uskayaw
Vehumet
Wu Jian
Xom
Yredelemnul
Zin

Shops:
D:4 [

Annotations:
Temple 2 transporters


Innate Abilities, Weirdness & Mutations

Your life essence is reduced to manifest your ancestor. (-10% HP)
You have a beak for a mouth.
You have claws for feet.
Your magical flight helps you evade attacks. (EV +4)
You can magically evade attacks while moving or waiting.


Message History

You feel as though you will be slow longer.
You are too confused!
You are too confused!
You're too confused to move!
You feel very sick. The hornet stings you!
* * * LOW HITPOINT WARNING * * *
You feel as though you will be slow longer.
The hornet stings you.
* * * LOW HITPOINT WARNING * * *
You are more poisoned.
You feel as though you will be slow longer.
The hornet barely misses you.
* * * LOW HITPOINT WARNING * * *
You feel very sick. The hornet misses you.
It was a potion of attraction.
You feel attractive to monsters.
You feel less invigorated.
You feel less confused.
* * * LOW HITPOINT WARNING * * *
You feel very sick. The hornet misses you. The hornet closely misses you.
It was a potion of brilliance.
You feel clever all of a sudden.
* * * LOW HITPOINT WARNING * * *
You feel sick. The hornet misses you. The hornet completely misses you.
It was a potion of curing.
You feel better. The hornet stings you.
* * * LOW HITPOINT WARNING * * *
You feel as though you will be slow longer.
The hornet stings you.
* * * LOW HITPOINT WARNING * * *
You are lethally poisoned!
You feel as though you will be slow longer.
The hornet closely misses you.
You feel better. The hornet stings you!
* * * LOW HITPOINT WARNING * * *
You feel as though you will be slow longer.
The hornet stings you!
You die...

#### ###..###
#####......##
##.#......R.#
..........###
..#........#######
..#..............#
.....#...........#
........#######.@##
..###)).#######y..#
..##..).##.....)..#
..##....##...†....#
.....#..##..8888..#
###.##..##..8.....#
....#...##..8._...#
....#.......8.....#
.#................#


You could see a hornet.

Vanquished Creatures
  Grinder (D:5)
  2 water moccasins (D:5)
  An ogre (D:6)
  A kobold brigand (D:6)
  A bullfrog (D:5)
  2 scorpions
  A bombardier beetle (D:5)
  3 jellies
  2 hounds
  Jessica (D:2)
  3 iguanas
  5 adders
  2 dart slugs
  4 ribbon worms
  8 endoplasms
  8 goblins
  6 hobgoblins
  4 jackals (D:3)
  3 quokkas
  9 ball pythons
  5 bats
  10 frilled lizards
  13 kobolds
  3 rats
98 creatures vanquished.

Vanquished Creatures (collateral kills)
  A howler monkey (D:6)
  2 kobolds (D:6)
  A frilled lizard (D:5)
4 creatures vanquished.

Vanquished Creatures (others)
  A knight (D:6)
1 creature vanquished.

Grand Total: 103 creatures vanquished

Notes
Turn   | Place    | Note
-------+----------+-------------------------------------------
     0 | D:1      | Aneyh the Tengu Monk began the quest for the Orb.
     0 | D:1      | Reached XP level 1. HP: 14/14 MP: 2/2
   224 | D:1      | Reached XP level 2. HP: 19/19 MP: 3/3
   482 | D:1      | You fall into a shaft and drop 1 floor!
   528 | D:2      | Reached XP level 3. HP: 20/23 MP: 4/4
   699 | D:2      | Noticed Jessica
   709 | D:2      | Killed Jessica
   710 | D:2      | Reached skill level 5 in Long Blades
   710 | D:2      | Reached XP level 4. HP: 10/28 MP: 5/5
  1240 | D:3      | Found a snail-covered altar of Cheibriados.
  1263 | D:3      | Reached skill level 4 in Fighting
  1463 | D:3      | Found a faded altar of an unknown god.
  1469 | D:3      | Reached XP level 5. HP: 31/34 MP: 6/6
  1960 | D:4      | Found Goraof's Armour Emporium.
  2013 | D:4      | Reached skill level 5 in Fighting
  2282 | D:4      | Reached XP level 6. HP: 40/40 MP: 7/7
  2958 | D:5      | Entered Level 5 of the Dungeon
  3024 | D:5      | Reached skill level 6 in Fighting
  3065 | D:5      | Noticed Grinder
  3189 | D:5      | Found a radiant altar of Vehumet.
  3332 | D:5      | Gained mutation: Your magical flight helps you evade
                  | attacks. (EV +4) [Tengu growth]
  3332 | D:5      | Reached XP level 7. HP: 43/47 MP: 8/8
  3369 | D:5      | Found a staircase to the Ecumenical Temple.
  3375 | Temple   | Found a transporter.
  3375 | Temple   | Found a transporter.
  3375 | Temple   | Found a transporter.
  3375 | Temple   | Found a transporter.
  3375 | Temple   | Entered the Ecumenical Temple
  3395 | Temple   | Became a worshipper of Hepliaklqana the Forgotten
  3395 | Temple   | Reached * piety under Hepliaklqana
  3395 | Temple   | Reached ** piety under Hepliaklqana
  3396 | Temple   | Remembered your ancestor Ammiditana as a knight
  3471 | D:5      | Reached skill level 7 in Fighting
  3567 | D:5      | Killed Grinder
  3671 | D:5      | Reached skill level 8 in Fighting
  3810 | D:5      | Reached XP level 8. HP: 44/49 MP: 9/9
  3817 | D:5      | Reached skill level 9 in Fighting
  4090 | D:6      | Found a stormy altar of Qazlal.
  4091 | D:6      | Noticed a hornet
  4104 | D:6      | Identified a scroll of acquirement
  4104 | D:6      | Acquired the ring "Orham" {rF+ Will+ Str+6}
  4111 | D:6      | HP: 2/51 [hornet (1)]
  4116 | D:6      | HP: 2/51 [hornet (12)]
  4116 | D:6      | Mangled by a hornet

Illustrated notes

Levels and vault maps discovered:
D:1:      wheals_arrival_shading, layout_basic
D:2:      layout_rooms, ebering_dispersal_statue_hall,
          chequers_serial_rivers_micro_c, uniq_jessica
D:3:      layout_loops_ring, mainiacjoe_overflow_catwalk,
          basic_ecumenical_altar, grunt_decor_fettered
D:4:      nicolae_cairo_tiling_very_big, layout_gridville, serial_shops,
          nicolae_stop_n_shop_1
D:5:      layout_loops_cross, mainiacjoe_overflow_brackets, temple_green,
          minmay_lizard_king, uniq_grinder
D:6:      minmay_polygon_palace, layout_cave_pools,
          lemuel_coloured_pillars_altar, mainiacjoe_overflow_chevrons,
          uniq_duvessa
Temple:   hellmonk_temple_divided_pantheon

Skill      XL: |  1  2  3  4  5  6  7  8 |
---------------+-------------------------+-----
Long Blades    | 4 5 |  5.0
Fighting       | 4 5 6 8 9 |  9.7
Dodging        | |  3.2

Action                     |  1- 3 |  4- 6 |  7- 9 || total
---------------------------+-------+-------+-------++-------
  Melee: Falchion          |    54 |     5 |       ||    59
         Peck              |    11 |    18 |    12 ||    41
         Kick              |    10 |    26 |    20 ||    56
         Whip              |       |   119 |    63 ||   182
         Punch             |       |       |     2 ||     2
  Throw: Dart              |       |     4 |       ||     4
 Invoke: Ancestor Life: Kn |       |       |     1 ||     1
    Use: Potion            |     1 |       |     7 ||     8
         Scroll            |       |       |     2 ||     2
   Stab: Sleeping          |     1 |       |       ||     1
 Armour: Ring mail         |    17 |    65 |    38 ||   120
         Robe              |     1 |       |       ||     1
  Dodge: Dodged            |    31 |    73 |    62 ||   166
